 Dungeon Crawl Stone Soup version 0.17-a0-931-g11a8995 (webtiles) character file.

203 JetFlynn the Ducker (level 5, -3/53 HPs)
             Began as a Troll Fighter on May 6, 2015.
             Killed by divine providence
             ... invoked by an orc priest
              (15 damage)
             ... on level 3 of the Dungeon.
             The game lasted 00:08:26 (2138 turns).

JetFlynn the Ducker (Troll Fighter)                 Turns: 2138, Time: 00:08:26

Health: -3/53      AC:  5    Str: 25    XL:     5   Next: 51%
Magic:  4/4        EV:  8    Int:  4    God:
Gold:   170        SH:  9    Dex:  9    Spells: 0 memorised, 4 levels left

rFire  . . .     SeeInvis .       - Unarmed
rCold  . . .     Clarity  .     a - +0 robe
rNeg   . . .     SustAb   .     b - +0 shield
rPois  .         Gourm    +     (helmet restricted)
rElec  .         Spirit   .     (no cloak)
rCorr  .         Warding  .     (gloves unavailable)
rMut   .         Stasis   .     (boots unavailable)
MR     .....                    (no amulet)
Stlth  +.........               (no ring)
                                (no ring)

@: not resistant to hostile enchantments, very unstealthy
A: unfitting armour, claws 3, fast metabolism 3, gourmand, regeneration 2,
shaggy fur 1, tough skin 2
a: no special abilities


You were on level 3 of the Dungeon.
You were full.

You visited 1 branch of the dungeon, and saw 3 of its levels.

You collected 170 gold pieces.

Inventory:

Armour
 a - a +0 robe (worn)
 b - a +0 shield (worn)
Scrolls
 e - 2 scrolls of amnesia {unknown}
 g - 2 scrolls of remove curse {unknown}
 j - 2 scrolls of identify {unknown}
 l - 3 scrolls of teleportation {unknown}
 m - a scroll of fear {unknown}
Potions
 c - a potion of might
 i - a potion of haste
 k - 3 potions of curing {unknown}
Comestibles
 d - 4 bread rations
 f - 2 meat rations
 h - 4 fruits


   Skills:
 + Level 3.0 Fighting
 + Level 3.6 Dodging
 + Level 0.1 Stealth
 + Level 3.4 Shields
 + Level 3.0 Unarmed Combat


You had 4 spell levels left.
You didn't know any spells.

Dungeon Overview and Level Annotations

Branches:
Dungeon (3/15)

Altars:


Innate Abilities, Weirdness & Mutations

You are too large for most types of armour.
You have claws for hands.
Your metabolism is lightning-fast.
You like to eat raw meat.
You heal very quickly.
You are covered in fur (AC +1).
You have very tough skin (AC +2).


Message History

The jackal bites you but does no damage.
You block the jackal's attack.
The orc priest glows brightly for a moment.
The jackal bites you.
You claw the jackal!
You kill the jackal!
A goblin comes into view.
The goblin shouts!
The orc priest hits you but does no damage.
You completely miss the orc priest.
The orc priest mumbles some strange prayers to Beogh against you.
Something smites you!
* * * LOW HITPOINT WARNING * * *
You barely miss the orc priest. You block the orc priest's attack.
You claw the orc priest!
The orc priest begins to bleed from its wounds!
The orc priest is almost dead.
The orc priest calls down the wrath of Beogh upon you.
Something smites you!
You die...

#......## #
#....... ### ..
+......# ..# #
#......# #.# ..
+.>....# #.# #
.....#+####.#
########....g.....#
.........?........#
................@.#
.........###)####o#
.........#
#.####.##
.........#
#..o..$.#
.........#
#########
.........#
.........#
.รท.......#
.........#


You could see an orc priest (bleeding) and a goblin.

Vanquished Creatures
  An orc wizard (D:3)
  5 adders (D:2)
  5 gnolls
  2 oozes (D:2)
  A worm (D:3)
  2 giant geckos
  7 orcs (D:3)
  6 bats
  A giant cockroach (D:2)
  8 goblins
  6 hobgoblins
  12 jackals
  5 kobolds
  3 giant newts
  9 rats
73 creatures vanquished.

Vanquished Creatures (others)
  5 toadstools (D:1)
5 creatures vanquished.

Grand Total: 78 creatures vanquished

Notes
Turn   | Place    | Note
--------------------------------------------------------------
     0 | D:1      | JetFlynn, the Troll Fighter, began the quest for the Orb.
     0 | D:1      | Reached XP level 1. HP: 22/22 MP: 0/0
   215 | D:1      | Reached XP level 2. HP: 27/29 MP: 1/1
   968 | D:2      | Reached XP level 3. HP: 24/36 MP: 2/2
  1093 | D:2      | Reached skill level 3 in Dodging
  1106 | D:2      | Reached XP level 4. HP: 42/44 MP: 3/3
  1823 | D:3      | Reached XP level 5. HP: 23/53 MP: 4/4
  2138 | D:3      | Killed from afar by an orc priest

Action                   |  1- 3 |  4- 6 || total
-------------------------+-------+-------++-------
Melee: Unarmed           |   100 |   108 ||   208
  Eat: Bread ration      |     1 |       ||     1
       Chunk             |     2 |    15 ||    17
